 Dungeon Crawl Stone Soup version 0.18.1-48-g4cf74bf (webtiles) character file.

235174 Inkary the Hoplite (level 18, -6/283 HPs)
             Began as a Minotaur Fighter on July 23, 2016.
             Was a High Priest of Okawaru.
             Mangled by an enormous slime creature (63 damage)
             ... on level 2 of the Pits of Slime.
             The game lasted 03:04:58 (28284 turns).

Inkary the Hoplite (Minotaur Fighter)              Turns: 28284, Time: 03:04:59

Health: -6/283     AC: 29    Str: 26    XL:     18   Next: 46%
Magic:  22/23      EV:  2    Int:  6    God:    Okawaru [*****.]
Gold:   1353       SH:  0    Dex: 17    Spells: 3 memorised, 21 levels left

rFire  + . .     SeeInvis .     c - +5 demon trident (freeze)
rCold  + . .     Gourm    .     (armour currently unavailable)
rNeg   + + +     Faith    .     r - +8 large shield "Nuill" {rN+ Int+4}
rPois  +         Spirit   .     (helmet currently unavailable)
rElec  +         Dismiss  .     (cloak currently unavailable)
rCorr  +         Reflect  .     (gloves currently unavailable)
SustAt .         Harm     .     (boots currently unavailable)
MR     +....     NoTele   +     P - amulet of rage
Stlth  ++........               G - +5 ring of strength
                                L - ring of poison resistance

@: confused, tree-form, resistant, heroism, finesse, somewhat resistant to
hostile enchantments, unstealthy
A: (retaliatory headbutt), (horns 0), (slimy green scales 0), (thin metallic
scales 0), (camouflage 0), blurry vision 1, (deformed body), dopey 1, low mp 1,
robust 2, weak 1, wild magic 1, MP-powered wands
a: Heroism, Finesse, Renounce Religion, Evoke Berserk Rage
}: 2/15 runes: decaying, serpentine


You were on level 2 of the Pits of Slime.
You worshipped Okawaru.
Okawaru was extremely pleased with you.
You were not hungry.
You were a tree.
You visited 6 branches of the dungeon, and saw 31 of its levels.
You also visited: Sewer.

You collected 3103 gold pieces.
You spent 1493 gold pieces at shops.

Inventory:

Hand Weapons
 c - a +5 demon trident of freezing (weapon)
Armour
 a - a +2 pair of gloves of dexterity (melded)
 b - the +9 plate armour of the Orb (melded) {MR- Int+4 Dex+4}
   (You bought it in a shop on level 2 of the Orcish Mines)

   It affects your intelligence (+4).
   It affects your dexterity (+4).
   It affects your resistance to hostile enchantments.
 i - a +0 swamp dragon armour
 r - the +8 large shield "Nuill" (worn) {rN+ Int+4}
   (You acquired it on level 9 of the Dungeon)

   It affects your intelligence (+4).
   It protects you from negative energy.
 F - the +1 leather armour "Barigem" {rC+}
   (You found it on level 1 of the Swamp)

   It protects you from cold.
 N - a +2 pair of boots of running (melded)
 R - the +1 cloak of Gehenna (melded) {rN+ Str+3}
   (You bought it in a shop on level 2 of the Orcish Mines)

   It affects your strength (+3).
   It protects you from negative energy.
Jewellery
 j - an uncursed ring of sustain attributes
 y - an uncursed ring of positive energy
 G - a +5 ring of strength (right branch)
 L - a ring of poison resistance (left branch)
 P - an amulet of rage (around neck)
 Q - an uncursed ring of protection from fire
 X - an uncursed ring of see invisible
Wands
 l - a wand of heal wounds (0/9)
 q - a wand of lightning (9/15)
 s - a wand of paralysis (5/24)
 O - a wand of enslavement (12/24)
 T - a wand of digging (18/24)
 V - a wand of slowing (29/48)
Scrolls
 e - 2 scrolls of fog
 g - 8 scrolls of remove curse
 h - 13 scrolls of teleportation
 n - 2 scrolls of blinking
 o - 2 scrolls of enchant armour
 B - 4 scrolls of identify
 C - 3 scrolls of summoning
 H - 2 scrolls of magic mapping
 S - a scroll of enchant weapon
Potions
 m - 6 potions of flight
 p - 4 potions of might
 v - 10 potions of curing
 w - 3 potions of haste
 z - a potion of lignification
 D - a potion of ambrosia
 E - 5 potions of agility
 K - a potion of invisibility
 M - a potion of cancellation
 U - a potion of cure mutation
Miscellaneous
 k - a phial of floods
 x - a plain deck of wonders {the Alchemist, drawn: 4}
Comestibles
 f - 15 bread rations
 A - 2 slices of pizza
 I - 11 meat rations


   Skills:
 - Level 13.4(18.4) Fighting
 - Level 15.9(20.9) Polearms
 - Level 11.3(16.3) Armour
 - Level 0.4(5.4) Dodging
 * Level 23.0(27) Shields
 - Level 6.0 Spellcasting
 - Level 2.2 Hexes
 - Level 5.0 Charms
 + Level 0.7 Necromancy
 - Level 10.0 Invocations
 - Level 10.1 Evocations


You had 21 spell levels left.
You knew the following spells:

 Your Spells              Type           Power        Failure   Level  Hunger
a - Regeneration          Chrm/Necr      #.........   38%         3    ###....
b - Song of Slaying       Chrm           ##......     10%         2    ###....
c - Spectral Weapon       Hex/Chrm       #.......     28%         3    ###....


Dungeon Overview and Level Annotations

Branches:
Dungeon (11/15)            Temple (0/1) D:4            Lair (8/8) D:10
  Swamp (4/4) Lair:6        Snake (4/4) Lair:3        Slime (2/6) Lair:7
    Orc (2/2) D:10            Elf (0/3) Orc:2

Altars:
Ashenzari
Cheibriados
Dithmenos
Elyvilon
Fedhas
Gozag
Kikubaaqudgha
Makhleb
Nemelex Xobeh
Okawaru
Ru
Trog
Xom
Yredelemnul
The Shining One
Beogh

Shops:
Orc:2 }([?   Snake:1 (   Snake:4 *


Innate Abilities, Weirdness & Mutations

((You reflexively headbutt those who attack you in melee.))
((You have a pair of horns on your head.))
((You are mostly covered in slimy green scales (AC +3).))
((You are partially covered in thin metallic scales (AC +2).))
((Your skin changes colour to match your surroundings (Stealth).))
Scrolls take you a little longer to read.
((Armour fits poorly on your strangely shaped body.))
You are dopey. (Int -2)
Your magical capacity is low (-10% MP).
You are very robust (+20% HP).
You are weak. (Str -2)
Your spells are a little harder to cast, but a little more powerful.
You expend magic power (3 MP) to strengthen your wands.


Message History

You cannot move. (Use ctrl+direction to attack without moving.)
You cannot move. (Use ctrl+direction to attack without moving.) You're too confused!
You cannot move. (Use ctrl+direction to attack without moving.)
You cannot move. (Use ctrl+direction to attack without moving.)
You cannot move. (Use ctrl+direction to attack without moving.)
You cannot move. (Use ctrl+direction to attack without moving.)
You cannot move. (Use ctrl+direction to attack without moving.)
You cannot move. (Use ctrl+direction to attack without moving.)
You cannot move.
Drink which item? (? for menu, Esc to quit)
You feel much better.
The slime creature hits you but does no damage. x2
The golden eye blinks at you.
You easily resist.
The slime creature hits you but does no damage.
The slime creature hits you.
* * * LOW HITPOINT WARNING * * *
The enormous slime creature hits you!!!
You die...

..<..#......#
.......... .##.
.......>.......
....#...< .....
............. .
........#..#...
......GJJ.....#
......J♣J..#
###.#.GJJ#.#
#..G...
##.......
#..G.....#
..........
#.........
##........


You could see an enormous slime creature, 5 slime creatures, a shining eye, an
eye of devastation and 2 golden eyes.

Vanquished Creatures
  2 acid blobs (Slime:1)
  Frances (Swamp:2)
  The ghost of Krapule the Tortoise, an adept MiFi of Cheibriados (Swamp:4)
  Kirke (Lair:7)
  2 azure jellies (Slime:1)
  16 greater nagas
  Wiglaf (Snake:4)
  An ettin (Orc:2)
  Josephine (D:10)
  A great orb of eyes (Slime:1)
  13 naga warriors
  22 hydras
  2 ghost crabs
  4 catoblepae
  14 alligators
  13 anacondas
  22 death yaks
  The ghost of Heedrag the Eclecticist, a journeyman DECj of Vehumet (Lair:2)
  13 naga sharpshooters
  6 shock serpents
  A salamander mystic (Snake:4)
  3 spriggan druids (Swamp:4)
  12 swamp dragons
  6 naga ritualists
  3 shambling mangroves
  11 orc knights
  Pikel (D:8)
  10 mana vipers
  A hill giant (D:11)
  6 orc sorcerers
  3 griffons
  2 manticores (Lair:4)
  3 cyclopes (D:11)
  An oklob plant (Lair:6)
  8 salamanders
  28 black mambas
  Maurice (D:10)
  5 elephants (Lair:7)
  16 guardian serpents (Snake:4)
  15 naga magi
  A torpor snail (Lair:6)
  18 spiny frogs
  9 rime drakes
  11 komodo dragons
  2 trolls
  3 two-headed ogres
  41 slime creatures
  3 polar bears
  Grinder (D:4)
  9 bog bodies
  Prince Ribbit (D:7)
  2 giant leeches (Swamp:3)
  7 blink frogs
  4 spriggans
  7 wraiths
  69 yaks
  Eustachio (D:4)
  2 shadows (Swamp:2)
  6 wyverns
  4 hogs (Lair:7)
  A human (D:7)
  14 basilisks
  Grum (D:9)
  11 vampire mosquitoes
  A mottled dragon (D:11)
  14 hippogriffs
  14 swamp worms
  5 insubstantial wisps (Swamp:1)
  56 nagas
  19 wargs
  21 water moccasins
  8 porcupines
  An eye of draining (Slime:1)
  43 orc warriors
  14 swamp drakes
  An ice beast (D:4)
  A black bear (Lair:7)
  2 sky beasts
  2 phantoms
  11 wasps
  10 ogres
  30 wolves
  13 crocodiles
  A centaur (D:8)
  2 big kobolds
  20 giant frogs
  A wyvern skeleton (D:6)
  5 scorpions
  15 wights
  6 killer bees
  2 howler monkeys
  2 crimson imps
  10 lava snakes (Snake:3)
  2 giant frog zombies
  13 orc wizards
  21 jellies
  4 hounds
  11 orc priests
  4 giant frog skeletons
  9 iguanas
  5 worker ants
  A siren (Sewer)
  A merfolk avatar (Sewer)
  35 sheep
  2 hound skeletons
  7 gnolls
  63 river rats
  13 adders
  An adder zombie (D:6)
  An adder skeleton (D:3)
  3 worms
  2 dart slugs
  8 giant geckos
  83 orcs
  9 giant cockroaches
  7 goblins
  8 hobgoblins
  11 jackals
  2 quokkas
  4 ball pythons
  8 bats
  A giant gecko skeleton (D:5)
  10 giant newts
  15 kobolds
  A quokka zombie (D:9)
  31 rats
  A bush (Lair:1)
  4 plants
1232 creatures vanquished.

Vanquished Creatures (collateral kills)
  A spiny frog (Swamp:3)
1 creature vanquished.

Vanquished Creatures (others)
  A black mamba (Snake:4)
  A merfolk (Swamp:3)
  A slave (D:8)
  A phantom (D:8)
  An adder (D:8)
  10 fungi
  7 plants
22 creatures vanquished.

Grand Total: 1255 creatures vanquished

Notes
Turn   | Place    | Note
--------------------------------------------------------------
     0 | D:1      | Inkary the Minotaur Fighter began the quest for the Orb.
     0 | D:1      | Reached XP level 1. HP: 19/19 MP: 0/0
   160 | D:1      | Reached XP level 2. HP: 27/27 MP: 1/1
   472 | D:2      | Found a faded altar to an unknown god.
   649 | D:2      | Reached XP level 3. HP: 34/34 MP: 2/2
   654 | D:2      | Found a basalt altar of Yredelemnul.
  1036 | D:3      | Reached skill level 4 in Shields
  1074 | D:3      | Found a blossoming altar of Fedhas.
  1089 | D:3      | Reached XP level 4. HP: 26/41 MP: 3/3
  1091 | D:3      | Found a shadowy altar of Dithmenos.
  1091 | D:3      | Found a shimmering altar of Xom.
  1091 | D:3      | Found an ancient bone altar of Kikubaaqudgha.
  1164 | D:3      | Found a white marble altar of Elyvilon.
  1313 | D:3      | HP: 2/41 [orc wizard/magic dart (3)]
  1314 | D:3      | Reached skill level 5 in Fighting
  1314 | D:3      | Reached XP level 5. HP: 2/48 MP: 4/4
  1825 | D:3      | Found a sparkling altar of Nemelex Xobeh.
  1830 | D:3      | Found a sacrificial altar of Ru.
  1834 | D:3      | Found a snail-covered altar of Cheibriados.
  1963 | D:4      | Found an iron altar of Okawaru.
  1974 | D:4      | Noticed Eustachio
  2001 | D:4      | Killed Eustachio
  2001 | D:4      | Reached skill level 5 in Armour
  2001 | D:4      | Reached skill level 5 in Shields
  2001 | D:4      | Reached XP level 6. HP: 51/56 MP: 5/5
  2050 | D:4      | Became a worshipper of Warmaster Okawaru
  2236 | D:4      | Found a staircase to the Ecumenical Temple.
  2275 | D:4      | Noticed Grinder
  2275 | D:4      | Noticed an ice beast
  2284 | D:4      | Killed an ice beast
  2291 | D:4      | Paralysed by Grinder for 3 turns
  2299 | D:4      | Killed Grinder
  2299 | D:4      | Reached XP level 7. HP: 61/63 MP: 6/6
  2803 | D:4      | Reached skill level 5 in Polearms
  2928 | D:4      | Reached skill level 6 in Shields
  2993 | D:5      | Entered Level 5 of the Dungeon
  3302 | D:5      | Found a bloodstained altar of Trog.
  3611 | D:5      | Reached * piety under Okawaru
  3647 | D:5      | Reached XP level 8. HP: 71/71 MP: 7/7
  3897 | D:6      | Found a glowing golden altar of the Shining One.
  4099 | D:6      | Found a glowing drain.
  4108 | Sewer    | Entered a sewer
  4534 | D:6      | Reached ** piety under Okawaru
  4963 | D:7      | Found a shattered altar of Ashenzari.
  5133 | D:7      | Reached XP level 9. HP: 69/82 MP: 8/8
  5216 | D:7      | Noticed Prince Ribbit
  5226 | D:7      | Killed Prince Ribbit
  5729 | D:8      | Reached *** piety under Okawaru
  5805 | D:8      | Noticed Pikel
  5819 | D:8      | Killed Pikel
  5980 | D:8      | Found a bloodstained altar of Trog.
  6066 | D:8      | Reached skill level 1 in Invocations
  6209 | D:8      | Found a shadowy altar of Dithmenos.
  6333 | D:8      | Found a burning altar of Makhleb.
  6668 | D:9      | Reached **** piety under Okawaru
  6681 | D:9      | Reached skill level 10 in Fighting
  6690 | D:9      | Reached XP level 10. HP: 67/93 MP: 10/10
  6723 | D:9      | Reached skill level 10 in Armour
  7005 | D:9      | Noticed Grum
  7021 | D:9      | Killed Grum
  7049 | D:9      | Gained mutation: You regenerate slowly when monsters are visible. [potion of mutation]
  7049 | D:9      | Gained mutation: Your spells are a little easier to cast, but a little less powerful. [potion of mutation]
  7049 | D:9      | Gained mutation: You tend to lose your temper in combat. [potion of mutation]
  7050 | D:9      | Gained mutation: You are dopey. (Int -2) [potion of mutation]
  7050 | D:9      | Gained mutation: You possess an exceptional clarity of mind. [potion of mutation]
  7050 | D:9      | Gained mutation: You are partially covered in slimy green scales (AC +2). [potion of mutation]
  7051 | D:9      | Gained mutation: You are partially covered in thin metallic scales (AC +2). [potion of mutation]
  7430 | D:9      | Found a white marble altar of Elyvilon.
  7654 | D:9      | Identified 4 scrolls of acquirement
  7671 | D:9      | Got a scorched large shield
  7682 | D:9      | Identified the +8 large shield "Nuill" {rN+ Int+4} (You acquired it on level 9 of the Dungeon)
  7775 | D:10     | Entered Level 10 of the Dungeon
  7781 | D:10     | Reached ***** piety under Okawaru
  7840 | D:10     | Found a staircase to the Orcish Mines.
  7849 | D:10     | Reached skill level 10 in Polearms
  8069 | D:10     | Reached skill level 7 in Shields
  8076 | D:10     | Reached skill level 5 in Invocations
  8076 | D:10     | Reached XP level 11. HP: 75/102 MP: 13/13
  8127 | D:10     | Found a staircase to the Lair.
  8140 | D:10     | Noticed Josephine
  8146 | D:10     | Killed Josephine
  8153 | D:10     | Received a gift from Okawaru
  8190 | D:10     | Got an ichor-stained robe {god gift}
  8204 | D:10     | Identified the +2 robe of Fortification {Int+2} (Okawaru gifted it to you on level 10 of the Dungeon)
  8296 | D:10     | Noticed an orc knight
  8323 | D:10     | Killed an orc knight
  8519 | D:10     | Gained mutation: You are mostly covered in slimy green scales (AC +3). [potion of mutation]
  8519 | D:10     | Lost mutation: You regenerate slowly when monsters are visible. [potion of mutation]
  8541 | D:10     | Reached skill level 8 in Shields
  8763 | D:11     | Lost mutation: You are dopey. (Int -2) [potion of mutation]
  8763 | D:11     | Lost mutation: You possess an exceptional clarity of mind. [potion of mutation]
  8921 | D:11     | Reached ****** piety under Okawaru
  9146 | D:11     | Reached skill level 9 in Shields
  9326 | D:11     | Noticed a hill giant
  9337 | D:11     | Killed a hill giant
  9508 | Orc:1    | Entered Level 1 of the Orcish Mines
  9527 | Orc:1    | Noticed Maurice
  9530 | Orc:1    | Noticed an orc knight
  9545 | Orc:1    | Noticed an orc sorcerer
  9556 | Orc:1    | Paralysed by an orc sorcerer for 2 turns
  9568 | D:10     | Killed an orc sorcerer
  9568 | D:10     | Reached XP level 12. HP: 112/112 MP: 12/16
  9620 | Orc:1    | Received a gift from Okawaru
  9651 | Orc:1    | Found a roughly hewn altar of Beogh.
  9833 | Orc:2    | Entered Level 2 of the Orcish Mines
  9998 | Orc:2    | Reached skill level 10 in Shields
 10163 | Orc:2    | Found a staircase to the Elven Halls.
 10172 | Orc:2    | Received a gift from Okawaru
 10494 | Orc:2    | Noticed an ettin
 10505 | Orc:2    | Killed an ettin
 10630 | Orc:2    | Found Saiderche's Magic Scroll Boutique.
 10663 | Orc:2    | Reached skill level 11 in Shields
 10709 | Orc:2    | Paralysed by an orc sorcerer for 4 turns
 10723 | Orc:2    | Received a gift from Okawaru
 10741 | Orc:2    | Found Vonuamm's Antique Armour Shoppe.
 10760 | Orc:2    | Bought a scroll of blinking for 120 gold pieces
 10760 | Orc:2    | Bought a scroll of summoning for 152 gold pieces
 10760 | Orc:2    | Bought a scroll of teleportation for 48 gold pieces
 10760 | Orc:2    | Bought a scroll of teleportation for 48 gold pieces
 10771 | Orc:2    | Bought a faintly humming cloak for 285 gold pieces
 10781 | Orc:2    | Identified the +1 cloak of Gehenna {rN+ Str+3} (You bought it in a shop on level 2 of the Orcish Mines)
 10813 | Orc:2    | Reached XP level 13. HP: 79/119 MP: 12/19
 10887 | Orc:2    | Found a roughly hewn altar of Beogh.
 10904 | Orc:2    | Found Weroof's Antique Weapon Boutique.
 10948 | Orc:2    | Found Emuneogh's Gadget Shoppe.
 11228 | Orc:2    | Reached skill level 10 in Invocations
 11292 | Orc:2    | Bought a crude plate armour for 840 gold pieces
 11303 | Orc:2    | Identified the +9 plate armour of the Orb {MR- Int+4 Dex+4} (You bought it in a shop on level 2 of the Orcish Mines)
 11411 | D:10     | Killed Maurice
 11470 | Lair:1   | Entered Level 1 of the Lair of Beasts
 11719 | Lair:1   | Reached skill level 1 in Evocations
 12028 | Lair:1   | Received a gift from Okawaru
 12847 | Lair:2   | Reached skill level 12 in Shields
 12945 | Lair:2   | Noticed Heedrag's ghost (journeyman DECj)
 12955 | Lair:2   | Killed Heedrag's ghost
 13760 | Lair:3   | Found a staircase to the Snake Pit.
 14213 | Lair:3   | Found a burning altar of Makhleb.
 14433 | Lair:4   | Reached skill level 13 in Shields
 14453 | Lair:4   | Reached skill level 15 in Polearms
 14480 | Lair:4   | Reached XP level 14. HP: 129/129 MP: 17/20
 15300 | Lair:4   | Received a gift from Okawaru
 15411 | Lair:5   | Reached skill level 14 in Shields
 16343 | Lair:6   | Reached skill level 5 in Evocations
 16658 | Lair:6   | Reached skill level 15 in Shields
 16662 | Lair:6   | Received a gift from Okawaru
 16745 | Lair:6   | Gained mutation: Your skin changes colour to match your surroundings (Stealth). [potion of mutation]
 16745 | Lair:6   | Lost mutation: Your spells are a little easier to cast, but a little less powerful. [potion of mutation]
 16745 | Lair:6   | Gained mutation: You are robust (+10% HP). [potion of mutation]
 16812 | Lair:6   | Found a staircase to the Swamp.
 17094 | Lair:6   | Learned a level 3 spell: Regeneration
 17097 | Lair:6   | Learned a level 2 spell: Song of Slaying
 17101 | Lair:6   | Learned a level 3 spell: Spectral Weapon
 17203 | Lair:7   | Reached skill level 1 in Spellcasting
 17566 | Lair:7   | Found a staircase to the Slime Pits.
 17846 | Lair:7   | Noticed Kirke
 17860 | Lair:7   | Killed Kirke
 17860 | Lair:7   | Reached XP level 15. HP: 149/149 MP: 13/21
 18042 | Lair:8   | Entered Level 8 of the Lair of Beasts
 18164 | Lair:8   | Reached skill level 16 in Shields
 18947 | Lair:8   | Received a gift from Okawaru
 19467 | Snake:1  | Entered Level 1 of the Snake Pit
 19546 | Snake:1  | Reached skill level 17 in Shields
 19701 | Snake:1  | Received a gift from Okawaru
 19925 | Snake:1  | Found Esuacuet's Antique Weapon Emporium.
 20367 | Snake:2  | Reached XP level 16. HP: 110/158 MP: 20/22
 20371 | Snake:2  | Received a gift from Okawaru
 20386 | Snake:2  | Identified a +1 pair of boots of running (Okawaru gifted it to you on level 2 of the Snake Pit)
 20587 | Snake:2  | Reached skill level 18 in Shields
 20849 | Snake:2  | Found an opulent altar of Gozag.
 20968 | Snake:3  | Reached skill level 5 in Spellcasting
 21770 | Snake:4  | Entered Level 4 of the Snake Pit
 21970 | Snake:4  | Reached skill level 19 in Shields
 22022 | Snake:4  | Gained mutation: You are very robust (+20% HP). [mutagenic meat]
 22024 | Snake:4  | Gained mutation: You possess an exceptional clarity of mind. [mutagenic meat]
 22071 | Snake:4  | Received a gift from Okawaru
 22115 | Snake:4  | Noticed Wiglaf
 22119 | Snake:4  | HP: 7/172 [shock serpent/bolt of electricity (17)]
 22456 | Snake:4  | Found Cntaul's Commerce Corner.
 22545 | Snake:4  | Received a gift from Okawaru
 22628 | Snake:4  | Killed Wiglaf
 22628 | Snake:4  | Reached skill level 20 in Shields
 22786 | Snake:4  | Drew Focus: Str increased to 22, Int decreased to 4
 22858 | Snake:4  | Lost mutation: You tend to lose your temper in combat. [mutagenic meat]
 22859 | Snake:4  | Gained mutation: You are extremely robust (+30% HP). [mutagenic meat]
 22860 | Snake:4  | Lost mutation: You are extremely robust (+30% HP). [mutagenic meat]
 22882 | Snake:4  | Reached skill level 1 in Charms
 22882 | Snake:4  | Reached XP level 17. HP: 161/180 MP: 25/25
 23549 | Snake:4  | Received a gift from Okawaru
 23567 | Snake:4  | Reached skill level 10 in Evocations
 23650 | Snake:4  | Got a serpentine rune of Zot
 23685 | Snake:4  | Gained mutation: Armour fits poorly on your strangely shaped body. [mutagenic meat]
 23687 | Snake:4  | Lost mutation: You possess an exceptional clarity of mind. [mutagenic meat]
 23688 | Snake:4  | Gained mutation: Your spells are a little harder to cast, but a little more powerful. [mutagenic meat]
 24003 | Swamp:1  | Entered Level 1 of the Swamp
 24065 | Swamp:1  | Reached skill level 21 in Shields
 24317 | Swamp:1  | Got a pitted leather armour
 24328 | Swamp:1  | Identified the +1 leather armour "Barigem" {rC+} (You found it on level 1 of the Swamp)
 24868 | Swamp:2  | Found a basalt altar of Yredelemnul.
 25143 | Swamp:2  | Noticed Frances
 25188 | Swamp:2  | Killed Frances
 25416 | Swamp:2  | Hired Goana the merfolk for 257 gold.
 25544 | Swamp:3  | Your ally Goana died
 26145 | Swamp:4  | Entered Level 4 of the Swamp
 26151 | Swamp:4  | Reached skill level 22 in Shields
 26190 | Swamp:4  | Noticed Krapule's ghost (adept MiFi)
 26226 | Swamp:4  | Killed Krapule's ghost
 26255 | Swamp:4  | Received a gift from Okawaru
 26268 | Swamp:4  | Reached XP level 18. HP: 187/189 MP: 26/26
 26516 | Swamp:4  | Reached skill level 5 in Charms
 27024 | Swamp:4  | Got a decaying rune of Zot
 27104 | Swamp:4  | Reached skill level 1 in Hexes
 27278 | Slime:1  | Entered Level 1 of the Pits of Slime
 27590 | Slime:1  | Reached skill level 23 in Shields
 28256 | Slime:2  | Gained mutation: Your magical capacity is low (-10% MP). [a shining eye]
 28257 | Slime:2  | Gained mutation: You are dopey. (Int -2) [a shining eye]
 28262 | Slime:2  | Gained mutation: Scrolls take you a little longer to read. [a shining eye]
 28273 | Slime:2  | Gained mutation: You expend magic power (3 MP) to strengthen your wands. [a shining eye]
 28282 | Slime:2  | Gained mutation: You are weak. (Str -2) [a shining eye]
 28284 | Slime:2  | Mangled by an enormous slime creature

Skill      XL: |  1  2  3  4  5  6  7  8  9 10 11 12 13 14 15 16 17 18 |
---------------+-------------------------------------------------------+-----
Fighting       | 4 5 6 8 10 11 12 13 | 13.4
Armour         | 4 5 6 8 9 11 | 11.3
Shields        | 4 5 6 7 9 11 13 15 17 20 22 23 | 23.0
Polearms       | 3 4 5 7 9 10 12 13 15 | 15.9
Invocations    | 2 5 7 9 10 | 10.0
Evocations     | 3 6 8 9 10 | 10.1
Spellcasting   | 1 4 6 |  6.0
Charms         | 1 4 5 |  5.0
Hexes          | 2 |  2.2
Dodging        | |  0.4
Necromancy     | |  0.7

Action                   |  1- 3 |  4- 6 |  7- 9 | 10-12 | 13-15 | 16-18 || total
-------------------------+-------+-------+-------+-------+-------+-------++-------
Melee: Trident           |    99 |   102 |   100 |       |       |       ||   301
       Headbutt          |    13 |    19 |    84 |   195 |   407 |   400 ||  1118
       Spear             |       |       |   408 |   120 |       |       ||   528
       Demon trident     |       |       |       |   749 |  1466 |  1388 ||  3603
Invok: Heroism           |       |       |       |    14 |    24 |    32 ||    70
       Finesse           |       |       |       |     6 |    11 |    16 ||    33
 Abil: Evoke Berserk Rag |       |       |       |     1 |     1 |       ||     2
Evoke: Phial of floods   |       |       |       |     1 |     1 |       ||     2
       Wand              |       |       |       |     1 |       |    10 ||    11
       Deck              |       |       |       |       |       |     4 ||     4
       Fan of gales      |       |       |       |       |       |     1 ||     1
  Use: Scroll            |       |       |     8 |     8 |    30 |    21 ||    67
       Potion            |       |       |       |     9 |     4 |    25 ||    38
 Stab: Distracted        |     1 |       |       |       |     1 |     1 ||     3
       Confused          |       |       |       |       |     2 |       ||     2
  Eat: Chunk             |       |     5 |    13 |    17 |    27 |    36 ||    98
       Fruit             |       |       |       |     4 |     6 |     3 ||    13
       Royal jelly       |       |       |       |       |     1 |       ||     1
       Beef jerky        |       |       |       |       |     5 |     1 ||     6
       Pizza             |       |       |       |       |     1 |     6 ||     7
Armor: Scale mail        |    33 |    36 |   136 |    99 |       |       ||   304
       Plate armour      |       |       |       |       |   294 |   322 ||   616
       Skin              |       |       |       |       |       |    28 ||    28
Dodge: Dodged            |    15 |    13 |    80 |    66 |    83 |   172 ||   429
Block: Shield            |    35 |    31 |   157 |    38 |       |       ||   261
       Large shield      |       |       |       |   493 |   894 |  1221 ||  2608
